 Dungeon Crawl Stone Soup version 0.28-a0-1080-g05a166d0ed (webtiles) character file.

Game seed: 8083594558754750807

6344 enile the Protected (level 11, 0/86 HPs)
             Began as a Formicid Arcane Marksman on Dec 9, 2021.
             Was a Priest of the Shining One.
             Slain by a death yak (25 damage)
             ... on level 9 of the Dungeon.
             The game lasted 00:37:24 (12885 turns).

enile the Protected (Formicid Arcane Marksman)     Turns: 12885, Time: 00:37:30

Health: 0/86       AC: 10    Str: 20    XL:     11   Next: 16%
Magic:  3/16       EV: 16    Int: 12    God:    the Shining One [***...]
Gold:   398        SH:  9    Dex: 11    Spells: 12/16 levels left

rFire   . . .      SeeInvis +   l - +2 dagger (holy)
rCold   . . .      Faith    .   (no shield)
rNeg    + + .      Spirit   .   i - +0 chain mail
rPois   .          Reflect  .   (helmet unavailable)
rElec   .          Harm     .   (no cloak)
rCorr   .          Rampage  .   (no gloves)
Will    +....                   (no boots)
Stlth   ..........              K - amulet of the acrobat
HPRegen 0.24/turn               v - ring of positive energy
MPRegen 0.15/turn               G - ring of the Hare {EV+8}

@: divinely shielded, glowing
A: permanent stasis, dig shafts and tunnels, antennae 3, four strong arms
a: Dig, Shaft Self, Renounce Religion, Divine Shield, Cleansing Flame


You were on level 9 of the Dungeon.
You worshipped the Shining One.
The Shining One was most pleased with you.
You visited 2 branches of the dungeon, and saw 11 of its levels.

You collected 398 gold pieces.

Inventory:

Hand Weapons
 b - a +1 antimagic scythe
 c - a +0 short sword
 f - a +2 dagger of venom
 l - a +2 dagger of holy wrath (weapon)
 t - the +3 longbow of Uncertain Death {flame, rPois Str+4}
   (You found it on level 5 of the Dungeon)

   Any ammunition fired from it burns those it strikes, dealing additional fire
   damage.
   Str:       It affects your strength (+4).
   rPois:     It protects you from poison.
 z - a +2 long sword of flaming
 B - a +2 vorpal falchion
 E - a +4 quarterstaff of chaos
 J - a +2 flail of venom
 P - a +5 hand axe
 Q - a +4 spear
Armour
 a - a +0 robe
 h - a +0 ring mail
 i - a +0 chain mail (worn)
 p - the +4 ring mail of Lust {rN++ Str-5 Dex+7}
   (You found it on level 4 of the Dungeon)

   Str:       It affects your strength (-5).
   Dex:       It affects your dexterity (+7).
   rN:        It greatly protects you from negative energy.
 A - a +0 scale mail of fire resistance
 F - a +0 cloak
Magical Staves
 o - a staff of cold
Jewellery
 v - a ring of positive energy (left hand)
 D - a ring of see invisible
 G - the ring of the Hare (right hand) {EV+8}
   (You found it on level 6 of the Dungeon)

   [ring of evasion]

   EV:        It affects your evasion (+8).
 K - an amulet of the acrobat (around neck)
 R - a +6 ring of intelligence
Wands
 g - a wand of flame (14) (quivered)
 L - a wand of acid (5)
Scrolls
 d - a scroll of identify
 j - 4 scrolls of teleportation
 m - 3 scrolls of blinking
 q - a scroll of fear
 u - 2 scrolls of immolation {unknown}
 x - a scroll of enchant weapon
 y - a scroll of vulnerability {unknown}
 C - a scroll of enchant armour {unknown}
 H - a scroll of amnesia {unknown}
 I - a scroll of holy word {unknown}
 N - a scroll of noise {unknown}
Potions
 e - 3 potions of flight
 k - a potion of ambrosia {unknown}
 n - a potion of degeneration {unknown}
 r - a potion of might {unknown}
 s - a potion of curing {unknown}
 w - 2 potions of berserk rage {unknown}
 M - a potion of heal wounds {unknown}
 O - 2 potions of lignification {unknown}


   Skills:
 - Level 8.0 Fighting
 - Level 5.0 Short Blades
 - Level 1.0 Polearms
 + Level 3.2 Throwing
 - Level 8.0 Armour
 - Level 2.0 Dodging
 - Level 5.0 Stealth
 - Level 3.0 Spellcasting
 - Level 6.0 Hexes
 - Level 1.0 Fire Magic
 - Level 1.0 Ice Magic
 - Level 7.0 Invocations
 - Level 7.0 Evocations


You had 12 spell levels left.
You knew the following spells:

 Your Spells              Type           Power      Damage    Failure   Level
a - Slow                  Hex            64%        N/A       16%         1
b - Inner Flame           Hex/Fire       10%        N/A       80%         3

Your spell library contained the following spells:

 Spells                   Type           Power      Damage    Failure   Level
 Cause Fear               Hex            8%         N/A       85%         4
 Portal Projectile        Hex/Tloc       18%        N/A       86%         3
 Magic Dart               Conj           4%         1d3       88%         1
 Call Imp                 Summ           1%         N/A       96%         2
 Gell's Gravitas          Tloc           1%         N/A       99%         3
 Ignite Poison            Fire/Tmut/Pois 2%         N/A       99%         3
 Mephitic Cloud           Conj/Pois/Air  1%         N/A       99%         3
 Teleport Other           Tloc           1%         N/A       99%         3
 Freezing Cloud           Conj/Ice/Air   1%         6-21      100%        5
 Dispersal                Tloc           0%         N/A       100%        6


Dungeon Overview and Level Annotations

Branches:
Dungeon (10/15)            Temple (1/1) D:6            Lair (0/6) D:9
    Orc (0/2) D:9

Altars:
Ashenzari
Cheibriados
Dithmenos
Elyvilon
Hepliaklqana
Kikubaaqudgha
Nemelex Xobeh
Okawaru
Qazlal
Ru
Trog
Uskayaw
Vehumet
Zin
The Shining One

Shops:
D:1 (

Annotations:
D:5 2 transporters, croobank's ghost, novice GnEE


Innate Abilities, Weirdness & Mutations

You cannot be hasted, slowed, berserked, paralysed or teleported.
You can dig through walls and to a lower floor.
You have a pair of large antennae on your head. (SInv)
Your four strong arms can wield two-handed weapons with a shield.


Message History

Aiming: Slow (safe; 16% risk of failure)
Press: ? - help, Shift-Dir - straight line, f/p - death yak
Aim: a death yak (lightly wounded, haloed, chance to affect: 3%)
Okay, then.
Press: ? - help, v - describe, . - travel, g - get item Item here: a crystal trident.
The floor.
Press: ? - help, v - describe, . - travel
Here: a death yak (lightly wounded, haloed)
The floor.
Unknown command.
Okay, then.
Press: ? - help, v - describe, . - travel
Here: a death yak (lightly wounded, haloed)
The floor.
Unknown command.
As you read the scroll of fear, it crumbles to dust.
You assume a fearsome visage.
The death yak easily resists.
The death yak gores you!!
Okay, then.
Items here: ))) [[.
Okay, then.
Activating: Cleansing Flame (26% risk of failure)
Press: ? - help, Dir - look around, f - activate The golden flame engulfs you but does no damage.
You resist.
The golden flame engulfs the death yak!!
The death yak is moderately wounded.
You hear a shout! x2; You hear a bellow! x2
The death yak gores you!
* * * LOW HITPOINT WARNING * * *
A divine shield forms around you! You block the death yak's attack.
Activating: Cleansing Flame (26% risk of failure)
Press: ? - help, Dir - look around, f - activate The golden flame engulfs you but does no damage.
You resist.
The golden flame engulfs the death yak!
The death yak is heavily wounded.
You hear a shout!
You hear a bellow! x5
The death yak gores you!!
You die...

############
#>##..>....#
#.@Y.......#
####.......##
#........##
#.........#
#.......#.#
#.......#.#
######....#####.
#............
.............###


You could see a death yak.

Vanquished Creatures
  Harold (D:8)
  Prince Ribbit (D:7)
  A shadow (D:7)
  Sigmund (D:2)
  15 yaks
  3 water moccasins
  2 sky beasts
  2 black bears
  A necrophage (D:6)
  2 ogres (D:5)
  2 orc warriors
  2 phantoms
  A bullfrog (D:5)
  A gnoll sergeant (D:9)
  3 scorpions
  3 killer bees (D:8)
  9 wights
  2 electric eels (D:6)
  3 howler monkeys
  A centaur zombie (D:7)
  3 jellies
  A bullfrog zombie (D:6)
  3 hounds
  3 orc priests
  Crazy Yiuf (D:2)
  A centaur skeleton (D:7)
  3 iguanas
  Jessica (D:3)
  2 orc wizards
  A hound skeleton (D:4)
  A howler monkey zombie (D:5)
  8 adders
  7 gnolls
  2 shadow imps
  A white imp (D:7)
  An ufetubus (D:5)
  3 worms (D:2)
  9 dart slugs
  27 orcs
  8 bats
  4 endoplasms
  4 giant cockroaches
  6 goblins
  8 hobgoblins
  3 jackals (D:2)
  A quokka (D:1)
  10 ball pythons
  A frilled lizard (D:2)
  6 kobolds
  7 rats
192 creatures vanquished.

Vanquished Creatures (collateral kills)
  A frilled lizard (D:1)
1 creature vanquished.

Vanquished Creatures (others)
  A gnoll shaman (D:6)
  A gnoll (D:6)
  A white imp (D:6)
3 creatures vanquished.

Grand Total: 196 creatures vanquished

Notes
Turn   | Place    | Note
-------+----------+-------------------------------------------
     0 | D:1      | enile the Formicid Arcane Marksman began the quest for the
                  | Orb.
     0 | D:1      | Reached XP level 1. HP: 15/15 MP: 2/2
   680 | D:1      | Reached XP level 2. HP: 2/22 MP: 1/3
  1534 | D:1      | Reached skill level 1 in Stealth
  1783 | D:1      | Reached XP level 3. HP: 24/27 MP: 1/4
  1833 | D:1      | Learned a level 3 spell: Inner Flame
  1847 | D:1      | Found Ydogrus's Weapon Shoppe.
  2699 | D:2      | Reached XP level 4. HP: 34/34 MP: 5/5
  2816 | D:2      | Reached skill level 1 in Armour
  3049 | D:2      | Found a faded altar of an unknown god.
  3065 | D:2      | Prayed at the altar of an unknown god.
  3065 | D:2      | Became a worshipper of the Shining One
  3065 | D:2      | Reached * piety under the Shining One
  3121 | D:2      | Noticed Sigmund
  3151 | D:2      | You are sucked into a shaft and drop 2 floors!
  3405 | D:4      | Reached XP level 5. HP: 41/41 MP: 6/6
  3409 | D:4      | Reached skill level 1 in Short Blades
  3471 | D:4      | Found a broken altar of Ashenzari.
  3502 | D:4      | Reached XP level 6. HP: 47/47 MP: 7/7
  3719 | D:4      | Found a white marble altar of Elyvilon.
  4286 | D:4      | Reached skill level 1 in Invocations
  4387 | D:4      | Identified the +4 ring mail of Lust {rN++ Str-5 Dex+7}
  4524 | D:5      | Entered Level 5 of the Dungeon
  4532 | D:5      | Found a transporter.
  4532 | D:5      | Noticed croobank's ghost (novice GnEE)
  4539 | D:5      | Reached XP level 7. HP: 33/54 MP: 4/8
  4655 | D:5      | Found a transporter.
  4733 | D:5      | Reached skill level 5 in Armour
  4797 | D:5      | Reached skill level 5 in Fighting
  5068 | D:5      | Reached skill level 1 in Evocations
  5075 | D:5      | Reached XP level 8. HP: 28/62 MP: 6/10
  5120 | D:5      | Reached ** piety under the Shining One
  5371 | D:5      | Identified the +3 longbow of Uncertain Death {flame, rPois
                  | Str+4}
  5886 | D:3      | Found a sacrificial altar of Ru.
  6023 | D:3      | Noticed Jessica
  6024 | D:3      | Found a faded altar of an unknown god.
  6186 | D:3      | Killed Jessica
  7174 | D:2      | Killed Sigmund
  7234 | D:2      | Found a runed translucent door.
  7235 | D:2      | Noticed Crazy Yiuf
  7528 | D:2      | Killed Crazy Yiuf
  7529 | D:2      | Reached skill level 5 in Invocations
  7898 | D:6      | Found a glowing golden altar of the Shining One.
  7934 | D:6      | Reached skill level 1 in Polearms
  7934 | D:6      | Reached XP level 9. HP: 51/68 MP: 4/12
  8343 | D:6      | Found the ring of the Hare {EV+8}
  8574 | D:6      | Found a staircase to the Ecumenical Temple.
  9268 | D:6      | Reached skill level 5 in Evocations
  9651 | Temple   | Entered the Ecumenical Temple
 10055 | D:7      | Noticed Prince Ribbit
 10100 | D:7      | Killed Prince Ribbit
 10463 | D:7      | Reached XP level 10. HP: 73/76 MP: 14/14
 10748 | D:8      | Noticed Harold
 10751 | D:8      | Reached *** piety under the Shining One
 10762 | D:7      | Reached skill level 5 in Stealth
 11275 | D:8      | Killed Harold
 11276 | D:8      | Reached skill level 5 in Hexes
 11276 | D:8      | Reached skill level 1 in Fire Magic
 11276 | D:8      | Reached skill level 1 in Ice Magic
 12146 | D:9      | Reached skill level 5 in Short Blades
 12146 | D:9      | Reached XP level 11. HP: 35/86 MP: 16/16
 12150 | D:9      | Found a staircase to the Lair.
 12151 | D:9      | Noticed a death yak
 12156 | D:9      | You fall into a shaft and drop 1 floor!
 12156 | D:10     | Entered Level 10 of the Dungeon
 12800 | D:9      | Found a staircase to the Orcish Mines.
 12857 | D:9      | Noticed a death yak
 12885 | D:9      | Slain by a death yak

Illustrated notes

Levels and vault maps discovered:
D:1:      erik_arrival_blinker_ship, layout_basic, serial_shops,
          nicolae_shop_bloodbath_and_beyond
D:2:      layout_basic, shapermc_ecumenical_altar_starsandcircs,
          minmay_quadrilaterals, uniq_crazy_yiuf_cottage, uniq_sigmund
D:3:      layout_basic, nicolae_overflow_ecumenical_swirl, uniq_jessica
D:4:      layout_rooms, kennysheep_mini, mainiacjoe_overflow_paths,
          grunt_ministairs_13, minmay_puff
D:5:      layout_cave_pools, gammafunk_ghost_mausoleum
D:6:      kennysheep_slugbush, layout_basic, lemuel_crystal_altar,
          lemuel_temple_firewalk_b
D:7:      layout_rooms, uniq_prince_ribbit1
D:8:      layout_basic, uniq_harold
D:9:      layout_rooms, grunt_temple_overflow_octagram, dpeg_lair_monsters,
          orc_0_dummy, kennysheep_generic_room_15
D:10:     layout_roguey, hangedman_decor_riveting, minivault_16, uniq_grum
Temple:   minmay_temple_curvy_loop

Skill      XL: |  1  2  3  4  5  6  7  8  9 10 11 |
---------------+----------------------------------+-----
Fighting       | 2 3 4 5 6 8 |  8.0
Hexes          | 4 5 6 |  6.0
Dodging        | 2 |  2.0
Stealth        | 1 2 4 5 |  5.0
Armour         | 2 3 4 5 6 7 8 |  8.0
Short Blades   | 2 3 5 |  5.0
Invocations    | 2 3 5 6 7 |  7.0
Evocations     | 2 3 6 7 |  7.0
Throwing       | 3 |  3.2
Polearms       | 1 |  1.0
Spellcasting   | 2 3 |  3.0
Fire Magic     | 1 |  1.0
Ice Magic      | 1 |  1.0

Action                   |  1- 3 |  4- 6 |  7- 9 | 10-12 || total
-------------------------+-------+-------+-------+-------++-------
Melee: Unarmed           |    61 |       |       |       ||    61
       Short sword       |    82 |    47 |       |       ||   129
       Dagger            |       |    89 |   320 |   239 ||   648
       Scythe            |       |       |    32 |       ||    32
       Long sword        |       |       |    21 |       ||    21
Throw: Javelin           |     8 |    12 |    20 |    12 ||    52
       Throwing net      |     4 |       |       |     4 ||     8
 Cast: Slow              |    38 |    11 |    18 |     6 ||    73
Invok: Divine Shield     |       |     1 |       |     1 ||     2
       Cleansing Flame   |       |       |       |     2 ||     2
 Abil: Shaft Self        |       |     1 |       |     1 ||     2
       Dig               |       |       |     2 |       ||     2
Evoke: Wand              |       |       |    13 |    11 ||    24
  Use: Scroll            |     1 |       |       |     5 ||     6
       Potion            |       |     2 |       |       ||     2
 Stab: Held in net/web   |     1 |       |       |       ||     1
Armor: Robe              |    27 |       |       |       ||    27
       Chain mail        |     6 |    69 |   164 |    44 ||   283
Dodge: Dodged            |    82 |    53 |   223 |   139 ||   497
Block: Other             |       |       |       |     1 ||     1

Table legend: (Time is in decaauts)
 A = Elapsed time spent in this place.
 B = Non-inter-level travel time spent in this place.
 C = Inter-level travel time spent in this place.
 D = Time resting spent in this place.
 E = Time spent auto-exploring this place.
 F = Levels seen in this place.
 G = Mean time per level.
                   A        B        C        D        E       F      G
               +--------+--------+--------+--------+--------+-----+--------+
         Total |  12876 |  12360 |    516 |   1091 |   8953 |  11 | 1170.5 |
       Dungeon |  12651 |  12159 |    492 |   1091 |   8760 |  10 | 1265.1 |
        Temple |    224 |    200 |     24 |      0 |    193 |   1 |  224.0 |
               +--------+--------+--------+--------+--------+-----+--------+

Top non-repeatable levels by time:
     D:1: 2259 daAuts
     D:6: 1895 daAuts
     D:2: 1480 daAuts
     D:4: 1454 daAuts
     D:5: 1437 daAuts
     D:3: 1291 daAuts
     D:8: 1214 daAuts
     D:7: 771 daAuts
    D:10: 629 daAuts
  Temple: 224 daAuts
     D:9: 218 daAuts
